 Dungeon Crawl Stone Soup version 0.31-a0-361-g0f8bd3a31e (webtiles) character file.

Game seed: 9069985545151404248

64 BritishOli the Trooper (level 3, -2/29 HPs)
             Began as a Demonspawn Fighter on July 27, 2023.
             Slain by a black bear (4 damage)
             ... on level 4 of the Dungeon.
             The game lasted 00:02:52 (2046 turns).

BritishOli the Trooper (Demonspawn Fighter)         Turns: 2046, Time: 00:02:54

Health: -2/29      AC:  8    Str: 18    XL:     3   Next: 91%
Magic:  3/3        EV:  9    Int:  9    God:
Gold:   112        SH:  4    Dex: 12    Spells: 2/2 levels left

rFire   . . .        a - +0 war axe
rCold   . . .        c - +0 buckler
rNeg    . . .        b - +0 scale mail
rPois   .            j - +0 helmet
rElec   .            (no cloak)
rCorr   .            (no gloves)
SInv    .            (no boots)
Will    .....        (no amulet) Stlth
                     (no ring)
HPRegen 0.24/turn    (no ring)
MPRegen 0.08/turn

%: no passive effects
@: lethally poisoned (-2 -> -5)
A: sturdy frame 1
a: no special abilities


You were on level 4 of the Dungeon.
You visited 1 branch of the dungeon, and saw 4 of its levels.

You collected 112 gold pieces.

Inventory:

Hand Weapons
 a - a +0 war axe (weapon)
Armour
 b - a +0 scale mail (worn)
 c - a +0 buckler (worn)
 j - a +0 helmet (worn)
Scrolls
 h - a scroll of identify {unknown}
 i - a scroll of noise {unknown}
 k - a scroll of amnesia {unknown}
Potions
 d - a potion of might
 e - a potion of curing {unknown}
 f - a potion of mutation {unknown}
 g - 3 potions of haste {unknown}


   Skills:
 + Level 3.6 Fighting
 + Level 2.5 Axes
 + Level 3.2 Armour
 - Level 3.0 Shields


You had 2 spell levels left.
You didn't know any spells.
Your spell library was empty.

Dungeon Overview and Level Annotations

Branches:
Dungeon (4/15)
 Temple: D:4-7

Altars:

Shops:
D:1 :=

Annotations:
D:2 Sigmund


Innate Abilities, Weirdness & Mutations

Your movements are slightly less encumbered by armour. (ER -2)


Message History

The black bear barely misses you.
You barely miss the black bear.
The black bear is moderately wounded.
The black bear closely misses you. The black bear misses you.
The black bear barely misses you.
Unknown command.
You slash the black bear!
The black bear is severely wounded.
The black bear barely misses you.
The black bear claws you but does no damage.
You block the black bear's attack. The adder bites you but does no damage.
Unknown command.
You barely miss the black bear.
The black bear is severely wounded.
You slash the adder! The black bear bites you.
You block the black bear's attack. The black bear closely misses you.
The adder bites you.
You are poisoned.
The adder poisons you! The black bear closely misses you.
The black bear barely misses you.
The black bear claws you but does no damage.
The adder bites you but does no damage.
You are too injured to fight recklessly!
You are too injured to fight recklessly!
Unknown command.
You hit the black bear but do no damage.
The black bear is heavily wounded.
You closely miss the adder.
You feel very sick. The adder bites you.
* * * LOW HITPOINT WARNING * * *
You block the black bear's attack. The black bear barely misses you.
The black bear claws you but does no damage.
You hit the black bear but do no damage.
The black bear is heavily wounded.
You barely miss the adder.
You feel sick. The adder completely misses you. The black bear bites you.
* * * LOW HITPOINT WARNING * * *
The black bear barely misses you. The black bear claws you.
You die...

#........<..#
....###.####### #
#.## #..# ##.#
#.###########
#...........#
######.###########
...........@h#
#####......S......#
#.######.#.#.#. #.
..## .. .... ##
#.##. #. # #.


You could see a black bear and an adder.

Vanquished Creatures
  2 adders
  2 dart slugs (D:1)
  An orc (D:3)
  3 ball pythons
  5 endoplasms
  2 giant cockroaches (D:3)
  4 hobgoblins
  4 jackals (D:1)
  4 kobolds (D:1)
  2 bats
  2 frilled lizards
  3 goblins (D:1)
  5 rats
39 creatures vanquished.

Notes
Turn   | Place    | Note
-------+----------+-------------------------------------------
     0 | D:1      | BritishOli the Demonspawn Fighter began the quest for the
                  | Orb.
     0 | D:1      | Reached XP level 1. HP: 18/18 MP: 1/1
    30 | D:1      | Found Resucan's Vocational Training.
    44 | D:1      | Found Rinuluuv's Jewellery Shop.
    96 | D:1      | Gained mutation: Your movements are slightly less
                  | encumbered by armour. (ER -2) [demonic ancestry]
    96 | D:1      | Reached XP level 2. HP: 12/24 MP: 2/2
   734 | D:2      | Reached XP level 3. HP: 29/29 MP: 3/3
   797 | D:2      | Noticed Sigmund
  2035 | D:4      | Noticed a black bear
  2046 | D:4      | Slain by a black bear

Illustrated notes

Levels and vault maps discovered:
D:1:      saegor_arrival_simple_d, layout_basic, serial_shops, shop_fountains,
          nicolae_shop_vocational
D:2:      minmay_recursive_quarters, layout_loops_ring,
          minmay_misc_feat_nine_boxes, uniq_sigmund, uniq_robin
D:3:      layout_basic
D:4:      layout_loops_ring, tgw_sif

Skill      XL: |  1  2 |
---------------+-------+-----
Axes           | 2 |  2.5
Shields        | 3 |  3.0
Armour         | 3 |  3.2
Fighting       | |  3.6

Action                     || total
---------------------------++-------
  Melee: War axe           ||   105
 Armour: Scale mail        ||    61
  Dodge: Dodged            ||    69
  Block: Buckler           ||    30

Table legend: (Time is in decaauts)
 A = Elapsed time spent in this place.
 B = Non-inter-level travel time spent in this place.
 C = Inter-level travel time spent in this place.
 D = Time resting spent in this place.
 E = Time spent auto-exploring this place.
 F = Levels seen in this place.
 G = Mean time per level.
                   A        B        C        D        E       F      G
               +--------+--------+--------+--------+--------+-----+--------+
         Total |   2093 |   1752 |    341 |     95 |   1308 |   4 |  523.2 |
       Dungeon |   2093 |   1752 |    341 |     95 |   1308 |   4 |  523.2 |
               +--------+--------+--------+--------+--------+-----+--------+

Top non-repeatable levels by time:
     D:3: 1110 daAuts
     D:1: 793 daAuts
     D:2: 150 daAuts
     D:4: 38 daAuts
